3321 views
Uploaded 2020-04-26 07:44:29
Game version 1.32.3
16:01 long 1on1 custom game on (2)Amazonia
Game name "W3Champions-20-M2LQkwm41d"
Saved by Dziango
3321 views
Uploaded 2020-04-26 07:44:29
Game version 1.32.3
16:01 long 1on1 custom game on (2)Amazonia
Game name "W3Champions-20-M2LQkwm41d"
22 units @ 3.6k
/ 0.6k
10 buildings @ 1.6k
/ 0.5k



| Rod of Necromancy | 3 | 450 |
| Orb of Corruption | 1 | 375 |
| Dust of Appearance | 3 | 225 |
| Scroll of Healing | 1 | 250 |
| Potion of Lesser Invulnerability | 3 | 450 |
| Scroll of Protection | 1 | 150 |
| total: | 12 | 1900g |
| Acolyte | 6 | 450 | / | 0 |
| Ghoul | 3 | 360 | / | 0 |
| Crypt Fiend | 7 | 1505 | / | 280 |
| Obsidian Statue | 4 | 800 | / | 140 |
| Abomination | 2 | 480 | / | 140 |
| total: | 22 | 3595g | / | 560w |
| Nerubian Tower | 1 | 100 | / | 20 |
| Ziggurat | 5 | 750 | / | 250 |
| Altar of Darkness | 1 | 180 | / | 50 |
| Crypt | 1 | 200 | / | 50 |
| Tomb of Relics | 1 | 130 | / | 30 |
| Graveyard | 1 | 215 | / | 0 |
| Slaughterhouse | 1 | 140 | / | 135 |
| Halls of the Dead | 1 | 320 | / | 210 |
| Black Citadel | 1 | 325 | / | 230 |
| total: | 10 | 1615g | / | 515w |
| 0:01 | Acolyte |
| 0:03 | Ziggurat |
| 0:04 | Altar of Darkness |
| 0:11 | Acolyte |
| 0:34 | Crypt |
| 0:40 | Acolyte |
| 0:56 | Tomb of Relics |
| 1:14 | Graveyard |
| 1:35 | Ghoul |
| 1:46 | Ghoul |
| 2:04 | Rod of Necromancy |
| 2:06 | Death Coil |
| 2:41 | Halls of the Dead |
| 2:50 | Crypt Fiend |
| 3:09 | Ziggurat |
| 3:26 | Nerubian Tower |
| 4:00 | Crypt Fiend |
| 4:29 | Rod of Necromancy |
| 4:29 | Dust of Appearance |
| 4:54 | Unholy Aura |
| 5:15 | Slaughterhouse |
| 5:20 | Ziggurat |
| 5:57 | Black Citadel |
| 6:02 | Frost Armor |
| 6:21 | Dust of Appearance |
| 6:24 | Obsidian Statue |
| 6:42 | Crypt Fiend |
| 7:01 | Obsidian Statue |
| 7:18 | Burrow |
| 7:38 | Death Coil |
| 7:45 | Crypt Fiend |
| 8:09 | Ziggurat |
| 8:17 | Orb of Corruption |
| 8:48 | Abomination |
| 8:54 | Frost Nova |
| 9:08 | Crypt Fiend |
| 9:20 | Rod of Necromancy |
| 9:29 | Potion of Lesser Invulnerability |
| 10:17 | Ghoul |
| 10:25 | Howl of Terror |
| 10:41 | Ziggurat |
| 11:34 | Obsidian Statue |
| 11:53 | Crypt Fiend |
| 12:04 | Creature Attack |
| 12:08 | Frost Nova |
| 12:36 | Crypt Fiend |
| 12:37 | Obsidian Statue |
| 12:57 | Abomination |
| 13:03 | Creature Carapace |
| 13:19 | Potion of Lesser Invulnerability |
| 13:19 | Scroll of Healing |
| 13:27 | Acolyte |
| 13:41 | Disease Cloud |
| 14:26 | Potion of Lesser Invulnerability |
| 14:37 | Cleaving Attack |
| 14:50 | Unholy Aura |
| 15:18 | Dust of Appearance |
| 15:19 | Scroll of Protection |
| 15:28 | Acolyte |
| 15:28 | Acolyte |
24 units @ 3.5k
/ 0.4k
13 buildings @ 2.1k
/ 0.7k



| Scroll of Speed | 4 | 200 |
| Healing Salve | 8 | 800 |
| Orb of Lightning | 1 | 375 |
| Lesser Clarity Potion | 3 | 210 |
| Dust of Appearance | 1 | 75 |
| Scroll of Healing | 1 | 250 |
| Circlet of Nobility | 1 | 175 |
| Potion of Lesser Invulnerability | 1 | 150 |
| total: | 20 | 2235g |
| Peon | 7 | 525 | / | 0 |
| Grunt | 4 | 800 | / | 0 |
| Kodo Beast | 3 | 765 | / | 180 |
| Troll Berserker | 10 | 1400 | / | 200 |
| total: | 24 | 3490g | / | 380w |
| Altar of Storms | 1 | 180 | / | 50 |
| Orc Burrow | 7 | 1120 | / | 280 |
| Barracks | 1 | 180 | / | 50 |
| Voodoo Lounge | 1 | 130 | / | 30 |
| War Mill | 1 | 205 | / | 0 |
| Beastiary | 2 | 290 | / | 280 |
| Stronghold | 1 | 315 | / | 190 |
| Fortress | 1 | 325 | / | 190 |
| total: | 13 | 2105g | / | 690w |
| 0:00 | Peon |
| 0:00 | Peon |
| 0:03 | Altar of Storms |
| 0:17 | Orc Burrow |
| 0:24 | Peon |
| 0:34 | Barracks |
| 0:41 | Peon |
| 0:57 | Peon |
| 1:13 | Peon |
| 1:14 | Peon |
| 1:34 | Grunt |
| 1:34 | Grunt |
| 1:41 | Voodoo Lounge |
| 2:03 | Wind Walk |
| 2:20 | Stronghold |
| 2:31 | Orc Burrow |
| 2:55 | Orc Burrow |
| 2:57 | Critical Strike |
| 2:59 | Scroll of Speed |
| 2:59 | Healing Salve |
| 2:59 | Healing Salve |
| 3:18 | Circlet of Nobility |
| 3:46 | Grunt |
| 3:56 | Grunt |
| 4:51 | Beastiary |
| 5:01 | War Mill |
| 5:20 | Wind Walk |
| 5:32 | Fortress |
| 5:43 | Hex |
| 5:44 | Healing Salve |
| 5:45 | Healing Salve |
| 5:45 | Scroll of Speed |
| 6:42 | Beastiary |
| 7:06 | Healing Wave |
| 7:27 | Dust of Appearance |
| 7:46 | Kodo Beast |
| 7:56 | Berserker Upgrade |
| 7:58 | War Drums Damage Increase |
| 7:59 | Orc Burrow |
| 8:21 | Orb of Lightning |
| 8:33 | Scroll of Speed |
| 8:35 | Healing Salve |
| 8:36 | Lesser Clarity Potion |
| 8:53 | Troll Berserker |
| 8:56 | Healing Salve |
| 8:57 | War Stomp |
| 9:19 | Troll Berserker |
| 9:41 | Troll Berserker |
| 9:57 | Berserker Strength |
| 9:58 | Troll Berserker |
| 10:00 | Orc Burrow |
| 10:02 | Healing Wave |
| 10:22 | Troll Berserker |
| 10:27 | Potion of Lesser Invulnerability |
| 10:36 | Troll Berserker |
| 10:39 | Steel Ranged Weapons |
| 10:40 | Reinforced Defenses |
| 11:20 | Endurance Aura |
| 11:35 | Troll Berserker |
| 12:56 | Orc Burrow |
| 12:58 | Orc Burrow |
| 13:14 | Healing Salve |
| 13:14 | Healing Salve |
| 13:21 | Lesser Clarity Potion |
| 13:36 | Kodo Beast |
| 13:46 | Scroll of Speed |
| 13:49 | Lesser Clarity Potion |
| 13:57 | Troll Berserker |
| 14:58 | Troll Berserker |
| 14:59 | Troll Berserker |
| 15:14 | Scroll of Healing |
| 15:29 | Kodo Beast |